 Dungeon Crawl Stone Soup version 0.19-a0-1384-gbb462ca (webtiles) character file.

7743 mopl the Bludgeoner (level 11, 0/123 HPs)
             Began as an Ogre Wanderer on Sept 3, 2016.
             Was a Follower of the Shining One.
             Slain by a seven-headed hydra (7 damage)
             ... on level 11 of the Dungeon.
             The game lasted 00:20:37 (8701 turns).

mopl the Bludgeoner (Ogre Wanderer)                 Turns: 8701, Time: 00:20:40

Health: 0/123      AC:  4    Str: 17    XL:     11   Next: 20%
Magic:  11/11      EV: 10    Int: 12    God:    the Shining One [*.....]
Gold:   343        SH:  0    Dex: 13    Spells: 2 memorised, 6 levels left

rFire  . . .     SeeInvis .     b - +0 dire flail
rCold  . . .     Gourm    .     y - +1 robe {rN+}
rNeg   + + .     Faith    .     (shield currently unavailable)
rPois  .         Spirit   .     (helmet restricted)
rElec  .         Dismiss  .     (no cloak)
rCorr  .         Reflect  .     (gloves unavailable)
MR     +....     Harm     .     (boots unavailable)
Stlth  +.........               l - amulet of regeneration
                                (no ring)
                                h - ring of positive energy

@: glowing
A: unfitting armour, hooves 1, tough skin 1
a: Renounce Religion


You were on level 11 of the Dungeon.
You worshipped the Shining One.
The Shining One was aware of your devotion.
You were hungry.

You visited 2 branches of the dungeon, and saw 10 of its levels.
You visited the Abyss 1 time.

You collected 343 gold pieces.

Inventory:

Hand Weapons
 a - a +2 quarterstaff
 b - a +0 dire flail (weapon)
 z - a +0 blowgun
 F - a +0 giant club
Missiles
 i - 178 stones (quivered)
 n - 2 throwing nets
 v - 3 javelins
 D - 6 tomahawks
Armour
 y - a +1 robe of positive energy (worn)
Jewellery
 h - a ring of positive energy (left hand)
 l - an amulet of regeneration (around neck)
 x - an uncursed amulet of guardian spirit
Wands
 w - a wand of slowing (21/48)
 G - a wand of flame (21/48)
 N - a wand of flame (16/48)
Scrolls
 c - 2 scrolls of teleportation
 d - 2 scrolls of amnesia {unknown}
 e - 3 scrolls of identify
 m - 2 scrolls of noise {unknown}
 p - a scroll of immolation {unknown}
 q - 7 scrolls of remove curse
 r - a scroll of fear {unknown}
 A - 2 scrolls of random uselessness {unknown}
 B - a scroll of enchant armour {unknown}
 I - a scroll of enchant weapon {unknown}
 J - a scroll of recharging {unknown}
 L - 2 scrolls of magic mapping {unknown}
 M - a scroll of fog {unknown}
 O - a scroll of holy word {unknown}
Potions
 g - a potion of agility
 k - 2 potions of curing
 u - a potion of magic
 C - a potion of cancellation
 E - 2 potions of brilliance
 R - a potion of might
Books
 K - a book of Beasts

   Spells                             Type                      Level
   a - Summon Butterflies             Summoning                    1
   b - Call Canine Familiar           Summoning                    3
   c - Summon Ice Beast               Ice/Summoning                4
   d - Summon Mana Viper              Hexes/Summoning              5
   e - Summon Hydra                   Summoning                    7
 P - a book of Air

   Spells                             Type                      Level
   a - Shock                          Conjuration/Air              1
   b - Swiftness                      Charms/Air                   2
   c - Repel Missiles                 Charms/Air                   2
   d - Static Discharge               Conjuration/Air              3
   e - Lightning Bolt                 Conjuration/Air              5
Comestibles
 f - 12 bread rations
 j - 6 meat rations
 o - 2 fruits
 s - 10 chunks of flesh
 t - a royal jelly
 H - a beef jerky


   Skills:
 + Level 11.8 Fighting
 * Level 15.9 Maces & Flails
 - Level 1.7(7.8) Staves
 - Level 5.0 Throwing
 - Level 2.6 Dodging
 - Level 2.4 Stealth
 + Level 1.1 Charms
 + Level 1.2 Air Magic


You had 6 spell levels left.
You knew the following spells:

 Your Spells              Type           Power        Failure   Level  Hunger
i - Repel Missiles        Chrm/Air       #.....       34%         2    ###....
n - Swiftness             Chrm/Air       #.......     34%         2    ###....


Dungeon Overview and Level Annotations

Branches:
Dungeon (8/15)             Temple (1/1) D:7
   Lair: D:8-11

Altars:
Ashenzari
Cheibriados
Dithmenos
Elyvilon
Fedhas
Gozag
Hepliaklqana
Kikubaaqudgha
Makhleb
Nemelex Xobeh
Okawaru
Qazlal
Ru
Sif Muna
Trog
Uskayaw
Vehumet
Xom
Yredelemnul
Zin
The Shining One


Innate Abilities, Weirdness & Mutations

You are too large for most types of armour.
You have tough skin. (AC +1)
You have large cloven feet.


Message History

The seven-headed hydra bites you! x2; The seven-headed hydra bites you.
The seven-headed hydra bites you! x3
The seven-headed hydra barely misses you.
You hit the seven-headed hydra.
You kick the seven-headed hydra, but do no damage.
The seven-headed hydra is lightly wounded.
Unknown command.
A sky beast comes into view.
The seven-headed hydra bites you!
* * * LOW HITPOINT WARNING * * *
The seven-headed hydra closely misses you.
The seven-headed hydra bites you!
* * * LOW HITPOINT WARNING * * *
The seven-headed hydra barely misses you.
The seven-headed hydra bites you.
* * * LOW HITPOINT WARNING * * *
The seven-headed hydra bites you! The Shining One protects you from harm!
The seven-headed hydra bites you!
You die...

.#.#.......#.#
...#.......#.######
#..#...#...#.......
#..#.......########
#..###.#..#########
#....S.............
#.####.#...........
#.D# .#...........
####@###.#..รท....###.
#........##.####.# #.
#.........Y......# #.
#.......###.###### #.
#.......# #.########.
#.......# #.##.......
#.......# #.##.######
######..# #.##.#
######'###.##.#


You could see a seven-headed hydra and a sky beast.

Vanquished Creatures
  An Executioner (Abyss:1)
  An ugly thing (D:11)
  A large abomination (Abyss:1)
  Psyche (D:8)
  A komodo dragon (D:11)
  A spriggan (D:6)
  A wyvern (D:11)
  A vampire (D:6)
  The ghost of Xiguana the Skirmisher, an amateur DsCK of Xom (D:3)
  A steam dragon (D:7)
  A hippogriff (D:11)
  Menkaure (D:4)
  Edmund (D:4)
  2 insubstantial wisps
  3 ice beasts
  4 sky beasts
  A black bear (D:6)
  3 orc warriors
  2 phantoms
  5 centaurs
  4 ogres
  4 giant frogs
  4 wights (D:8)
  A howler monkey (D:7)
  A crimson imp (D:11)
  A quasit (D:8)
  2 gnoll shamans
  3 hounds
  A jelly (D:5)
  8 orc priests
  A giant frog skeleton (D:4)
  An iguana (D:5)
  7 orc wizards
  2 worker ants (D:7)
  2 killer bee zombies
  A worker ant zombie (D:11)
  Robin (D:1)
  8 gnolls
  9 adders
  A howler monkey skeleton (D:7)
  2 shadow imps (D:5)
  An ooze (D:1)
  An adder zombie (D:6)
  An adder skeleton (D:4)
  A worm (D:2)
  3 dart slugs
  4 giant geckos
  24 orcs
  A ball python (D:4)
  8 bats
  4 giant cockroaches
  24 goblins
  11 hobgoblins
  3 jackals (D:1)
  4 quokkas
  A giant gecko zombie (D:5)
  6 giant newts
  A jackal zombie (D:8)
  9 kobolds
  2 quokka skeletons
  A quokka zombie (D:6)
  3 rats (D:1)
210 creatures vanquished.

Notes
Turn   | Place    | Note
-------+----------+-------------------------------------------
     0 | D:1      | mopl the Ogre Wanderer began the quest for the Orb.
     0 | D:1      | mopl set off with: a +2 quarterstaff, a potion of curing, a scroll of teleportation, a +0 robe, a +0 dagger, a bread ration
     0 | D:1      | Reached XP level 1. HP: 19/19 MP: 1/1
   140 | D:1      | Reached skill level 1 in Maces & Flails
   270 | D:1      | Reached XP level 2. HP: 28/28 MP: 2/2
   389 | D:1      | Reached skill level 2 in Maces & Flails
   506 | D:1      | Reached XP level 3. HP: 35/35 MP: 3/3
   514 | D:1      | Reached skill level 2 in Fighting
   993 | D:1      | Reached skill level 3 in Maces & Flails
  1147 | D:2      | Noticed Robin
  1161 | D:1      | Reached skill level 2 in Throwing
  1198 | D:1      | Killed Robin
  1198 | D:1      | Reached XP level 4. HP: 26/44 MP: 4/4
  1728 | D:2      | Reached skill level 4 in Maces & Flails
  1817 | D:3      | Found a hide-covered altar of Uskayaw.
  1817 | D:3      | Noticed a hand axe
  1819 | D:3      | Noticed a dagger
  1853 | D:3      | Noticed Xiguana's ghost (amateur DsCK)
  1914 | D:3      | Paralysed by Xiguana's ghost for 4 turns
  1919 | D:3      | Killed Xiguana's ghost
  1919 | D:3      | Reached skill level 3 in Fighting
  1919 | D:3      | Reached skill level 5 in Maces & Flails
  1919 | D:3      | Reached skill level 3 in Throwing
  1919 | D:3      | Reached XP level 5. HP: 54/54 MP: 5/5
  1919 | D:3      | Reached XP level 6. HP: 62/62 MP: 6/6
  2445 | D:3      | Found a bloodstained altar of Trog.
  2903 | D:4      | Noticed Menkaure
  2910 | D:4      | Killed Menkaure
  2910 | D:4      | Reached skill level 4 in Fighting
  2910 | D:4      | Reached skill level 6 in Maces & Flails
  3049 | D:4      | Reached XP level 7. HP: 54/71 MP: 7/7
  3262 | D:4      | Noticed Edmund
  3318 | D:4      | Killed Edmund
  3318 | D:4      | Reached skill level 5 in Fighting
  3318 | D:4      | Reached skill level 7 in Maces & Flails
  3318 | D:4      | Reached skill level 4 in Throwing
  3848 | D:4      | Reached skill level 8 in Maces & Flails
  3848 | D:4      | Reached XP level 8. HP: 79/83 MP: 8/8
  3855 | D:5      | Entered Level 5 of the Dungeon
  4068 | D:5      | Found a stormy altar of Qazlal.
  4069 | D:5      | Found a snail-covered altar of Cheibriados.
  4073 | D:5      | Found a shattered altar of Ashenzari.
  4074 | D:5      | Found a sacrificial altar of Ru.
  4074 | D:5      | Found a basalt altar of Yredelemnul.
  4075 | D:5      | Found an opulent altar of Gozag.
  4083 | D:5      | Found an iron altar of Okawaru.
  4203 | D:5      | Reached skill level 6 in Fighting
  4583 | D:5      | Reached skill level 9 in Maces & Flails
  4633 | D:5      | Found a radiant altar of Vehumet.
  4707 | D:5      | Reached skill level 5 in Throwing
  5216 | D:6      | Noticed a vampire
  5235 | D:6      | Killed a vampire
  5235 | D:6      | Reached skill level 7 in Fighting
  5274 | D:6      | Reached skill level 10 in Maces & Flails
  5330 | D:6      | Reached XP level 9. HP: 46/93 MP: 9/9
  5991 | D:6      | Reached skill level 8 in Fighting
  5991 | D:6      | Reached skill level 11 in Maces & Flails
  6446 | D:7      | Reached skill level 12 in Maces & Flails
  6482 | D:7      | Reached skill level 9 in Fighting
  7037 | D:7      | Reached skill level 13 in Maces & Flails
  7165 | D:7      | Found a staircase to the Ecumenical Temple.
  7174 | Temple   | Entered the Ecumenical Temple
  7181 | Temple   | Became a worshipper of the Shining One
  7203 | D:7      | Reached XP level 10. HP: 87/107 MP: 10/10
  7611 | D:8      | Reached skill level 10 in Fighting
  7629 | D:8      | Noticed Psyche
  7630 | D:8      | Cast into level 1 of the Abyss (Psyche)
  7691 | Abyss:1  | Noticed an Executioner
  7691 | Abyss:1  | Noticed a large abomination
  7700 | Abyss:1  | Killed an Executioner
  7700 | Abyss:1  | Reached skill level 14 in Maces & Flails
  7704 | Abyss:1  | Killed a large abomination
  7704 | Abyss:1  | Reached skill level 11 in Fighting
  7706 | D:8      | Escaped the Abyss
  7714 | D:8      | HP: 4/113 [giant frog (3)]
  7918 | D:8      | Gained mutation: You have large cloven feet. [potion of beneficial mutation]
  7972 | D:8      | Reached skill level 15 in Maces & Flails
  7973 | D:8      | Reached * piety under the Shining One
  8104 | D:8      | Killed Psyche
  8184 | D:8      | Reached XP level 11. HP: 120/120 MP: 11/11
  8258 | D:8      | Learned a level 2 spell: Repel Missiles
  8261 | D:8      | Learned a level 2 spell: Swiftness
  8442 | D:8      | You fall through a shaft for 3 floors!
  8501 | D:11     | Noticed a green ugly thing
  8518 | D:11     | Killed a green ugly thing
  8518 | D:11     | Reached skill level 1 in Charms
  8518 | D:11     | Reached skill level 1 in Air Magic
  8695 | D:11     | Noticed a seven-headed hydra
  8701 | D:11     | The Shining One protects you from harm!
  8701 | D:11     | Slain by a seven-headed hydra

Vault maps used:
D:1:      lightli_arrival_statue_moat, minmay_crystal_room
D:2:      uniq_robin
D:3:      dancing_weapons_uskayaw, lemuel_coloured_pillars_altar, first_bread
D:4:      serial_park_tiny_1, uniq_edmund, uniq_menkaure
D:5:      fiery_altar_vehumet, grunt_temple_overflow_open, basic_altar
D:7:      the_bakery, hangedman_misty_isle
D:8:      uniq_psyche
D:11:     uniq_snorg
Temple:   nicolae_temple_no_exploring_needed
Abyss:1:  minivault_25_ag

Skill      XL: |  1  2  3  4  5  6  7  8  9 10 11 |
---------------+----------------------------------+-----
Maces & Flails | 1 2 3 5 6 8 10 13 15 | 15.9
Fighting       | 2 3 4 5 7 9 11 | 11.8
Throwing       | 2 3 4 5 |  5.0
Charms         | 1 |  1.1
Air Magic      | 1 |  1.2
Staves         | |  1.7
Dodging        | |  2.6
Stealth        | |  2.4

Action                   |  1- 3 |  4- 6 |  7- 9 | 10-12 || total
-------------------------+-------+-------+-------+-------++-------
Melee: Quarterstaff      |    19 |    71 |    93 |       ||   183
       Dagger            |    73 |    63 |       |       ||   136
       Flail             |       |       |   203 |       ||   203
       Dire flail        |       |       |    17 |   169 ||   186
       Kick              |       |       |       |    22 ||    22
 Fire: Blowgun           |       |       |    42 |       ||    42
Throw: Stone             |       |       |     4 |     5 ||     9
Evoke: Wand              |       |       |     1 |     3 ||     4
  Use: Scroll            |       |     2 |     6 |     4 ||    12
       Potion            |       |     2 |     1 |     5 ||     8
 Stab: Sleeping          |     5 |     8 |     2 |       ||    15
  Eat: Chunk             |     1 |     6 |    13 |     5 ||    25
Armor: Robe              |    11 |       |       |    25 ||    36
       Skin              |       |    28 |    17 |     8 ||    53
       Animal skin       |       |    26 |    29 |     6 ||    61
Dodge: Dodged            |    48 |    56 |   118 |    54 ||   276
